 Dungeon Crawl Stone Soup version 0.29-a0-504-gec6baf379c (console) character file.

Game seed: 5267572998802276031

28 Faeu the Sneak (level 2, 22/22 HPs)
             Began as a Vampire Gladiator on May 26, 2022.
             Quit the game on level 1 of the Dungeon on May 28, 2022.
             The game lasted 00:02:34 (374 turns).

Faeu the Sneak (Vampire Gladiator)                   Turns: 374, Time: 00:02:34

Health: 22/22      AC:  4    Str: 13    XL:     2   Next: 96%
Magic:  2/2        EV: 12    Int: 10    God:
Gold:   0          SH:  0    Dex: 15    Spells: 1/1 levels left

rFire   . . .      SeeInvis +   a - +0 rapier {short}
rCold   . . .      Faith    .   (no shield)
rNeg    . . .      Spirit   .   b - +0 leather armour
rPois   .          Reflect  .   c - +0 helmet
rElec   .          Harm     .   (no cloak)
rCorr   .          Rampage  .   (no gloves)
Will    .....                   (no boots)
Stlth   +++.......              (no amulet)
HPRegen 0.27/turn               (no ring)
MPRegen 0.08/turn               (no ring)

@: healing quickly
A: alive, fangs 3, see invisible, vampiric 1
a: Exsanguinate


You were on level 1 of the Dungeon.
You visited 1 branch of the dungeon, and saw 1 of its levels.


Innate Abilities, Weirdness & Mutations

Your natural rate of healing is accelerated.
You have razor-sharp teeth.
You have supernaturally acute eyesight. (SInv)
You are afflicted with vampirism.


   Skills:
 - Level 1.7 Fighting
 - Level 3.2 Short Blades
 - Level 1.5 Throwing
 - Level 3.2 Dodging
 + Level 4.4 Stealth


You had one spell level left.
You didn't know any spells.
Your spell library was empty.

Inventory:

Hand Weapons
 a - a +0 rapier (weapon) {short}
Missiles
 d - 3 throwing nets (quivered) {=f!fthrowing}
 e - a javelin {throwing}
Armour
 b - a +0 leather armour (worn)
 c - a +0 helmet (worn)
 f - a +0 leather armour
   (You found it on level 1 of the Dungeon)
Scrolls
 i - a scroll of immolation {unknown}
 j - a scroll of identify {unknown}
Potions
 g - a potion of degeneration {unknown}
 h - 2 potions of lignification {unknown}

Dungeon Overview and Level Annotations

Branches:
Dungeon (1/15)

Altars:

.....# #†#..# #.#
.†...# #.#..# #.#
.....########.#..#
#.#
..............)..#
##...............#
#...............##
#................#
#................##
#.................##
#..................#
############'##@.#.#
#.#...#... #.#b.##
## #.#..# #.#### #..
###


You could see a bat (asleep).


Message History

The jackal bites you.
Your Stealth skill increases to level 4! 😕 HP[-2]
You take 2 damage, and now have 17/22 hp.
The jackal closely misses you.
The jackal bites you but does no damage.
You hit the jackal.
You kill the jackal!
You hit the jackal but do no damage. The jackal barely misses you.
The jackal bites you but does no damage.
You barely miss the jackal. The jackal misses you. 😕 HP[+1]
You barely miss the jackal. The jackal bites you.
The jackal bites you but does no damage. 😮 HP[-2]
You take 2 damage, and now have 16/22 hp.
You closely miss the jackal. You bite the jackal. The jackal misses you.
You puncture the jackal!
You kill the jackal!
You see here a jackal corpse. 😕 HP[+1]
A ball python comes into view.
A ball python is nearby!
The ball python hisses angrily. 😕 HP[+1]
The ball python bites you but does no damage.
The ball python grabs you. The ball python constricts you.
The ball python bites you.
The ball python constricts you. 😮 HP[-5]
You take 5 damage, and now have 13/22 hp.
MASSIVE DAMAGE!! (PAUSE)
You closely miss the ball python. The ball python bites you.
The ball python constricts you. 😮 HP[-1]
You take 1 damage, and now have 12/22 hp.
You hit the ball python.
You kill the ball python!
You see here a ball python corpse. 😮 HP[+1]
A bat comes into view. 😮 HP[+1]
You see here a red potion. 😮 HP[+1] 😮 HP[+1]
You start resting.
HP restored. 😎 HP[+6]
You see here a ball python corpse.
A hobgoblin comes into view.
The bat hits you but does no damage.
You barely miss the bat. Your bite misses the bat. The bat closely misses you.
The hobgoblin shouts!
The bat hits you but does no damage. The hobgoblin barely misses you.
The bat hits you but does no damage. The hobgoblin closely misses you.
The hobgoblin closely misses you. The bat hits you but does no damage.
The bat closely misses you. x2; The hobgoblin closely misses you.
You barely miss the hobgoblin. The bat hits you but does no damage.
The hobgoblin hits you but does no damage.
You closely miss the hobgoblin. The hobgoblin closely misses you.
You hit the hobgoblin. The bat misses you.
The hobgoblin hits you but does no damage.
You hit the hobgoblin.
You kill the hobgoblin!
The bat closely misses you. The bat closely misses you.
The bat completely misses you. The bat hits you but does no damage.
You closely miss the bat. The bat hits you but does no damage.
The bat hits you. 😕 HP[-1]
You take 1 damage, and now have 21/22 hp.
You closely miss the bat.
The bat hits you but does no damage. 😎 HP[+1]
The bat closely misses you. The bat closely misses you.
The bat hits you but does no damage. The bat attacks as you move away!
The bat hits you but does no damage. The bat misses you.
The bat barely misses you.
You barely miss the bat. Your punch misses the bat. You bite the bat.
The bat closely misses you. The bat barely misses you.
The bat closely misses you.
You hit the bat. The bat hits you but does no damage.
The bat closely misses you. x2
You miss the bat. The bat hits you but does no damage.
The bat closely misses you.
You closely miss the bat. The bat closely misses you.
You puncture the bat!
You kill the bat!
You see here a bat corpse.
j - a scroll labelled DICHOSYBU You see here a +0 hand axe {axe}.
No target in view!
h - 2 red potions (gained 1)
You open the door.
A bat comes into view.
Are you sure you want to abandon this character and quit the game? (Confirm with "yes".)

Skill      XL: |  1  2 |
---------------+-------+-----
Stealth        | 2 4 |  4.4
Fighting       | |  1.7
Short Blades   | |  3.2
Throwing       | |  1.5
Dodging        | |  3.2

Action                   || total
-------------------------++-------
Melee: Rapier            ||    77
       Bite              ||     6
Armor: Leather armour    ||    60
Dodge: Dodged            ||   114

Levels and vault maps discovered:
D:1:      evilmike_arrival_plus, layout_basic, basic_ecumenical_altar

Notes
Turn   | Place    | Note
-------+----------+-------------------------------------------
     0 | D:1      | Faeu the Vampire Gladiator began the quest for the Orb.
     0 | D:1      | Reached XP level 1. HP: 16/16 MP: 1/1
     0 | D:1      | magus.rc [v1.9.6]
    51 | D:1      | Reached skill level 1 in Stealth
    77 | D:1      | Upgraded the game from 0.29-a0-486-ga88943ba61 to
                  | 0.29-a0-504-gec6baf379c
    77 | D:1      | magus.rc [v1.9.6]
    82 | D:1      | Reached skill level 2 in Stealth
   128 | D:1      | Reached XP level 2. HP: 22/22 MP: 2/2
   135 | D:1      | Reached skill level 3 in Stealth
   215 | D:1      | Found a faded altar of an unknown god.
   245 | D:1      | Reached skill level 4 in Stealth
   374 | D:1      | Quit the game

Vanquished Creatures
  A dart slug (D:1)
  An endoplasm (D:1)
  A giant cockroach (D:1)
  2 hobgoblins (D:1)
  6 jackals (D:1)
  A kobold (D:1)
  2 quokkas (D:1)
  2 ball pythons (D:1)
  5 bats (D:1)
21 creatures vanquished.

Table legend:
 A = Non-vault XP
 B = Vault XP
 C = Vault XP percentage of total XP
 D = Non-vault monster count
 E = Vault monster count
 F = Vault count percentage of total count
                 A         B        C        D         E       F
            +---------+---------+-------+---------+---------+-------
      Total |      40 |       0 |   0.0 |      21 |       0 |   0.0
            +---------+---------+-------+---------+---------+-------
        D:1 |      40 |       0 |   0.0 |      21 |       0 |   0.0
            +---------+---------+-------+---------+---------+-------

Illustrated notes

Table legend:
 A = Kills in this place as a percentage of kills in entire the game.
 B = Kills by you in this place as a percentage of kills by you in the entire game.
 C = Kills by friends in this place as a percentage of kills by friends in the entire game.
 D = Other kills in this place as a percentage of other kills in the entire game.
 E = Experience gained in this place as a percentage of experience gained in the entire game.
 F = Experience gained in this place divided by the number of levels of this place that you have seen.
                   A       B       C       D       E      F
               +-------+-------+-------+-------+-------+----------------------
         Total | 100.0 | 100.0 |   N/A |   N/A | 100.0 |  40.0
       Dungeon | 100.0 | 100.0 |   N/A |   N/A | 100.0 |  40.0
               +-------+-------+-------+-------+-------+----------------------

Table legend: (Time is in decaauts)
 A = Elapsed time spent in this place.
 B = Non-inter-level travel time spent in this place.
 C = Inter-level travel time spent in this place.
 D = Time resting spent in this place.
 E = Time spent auto-exploring this place.
 F = Levels seen in this place.
 G = Mean time per level.
                   A        B        C        D        E       F      G
               +--------+--------+--------+--------+--------+-----+--------+
         Total |    376 |    376 |      0 |     22 |    118 |   1 |  376.0 |
       Dungeon |    376 |    376 |      0 |     22 |    118 |   1 |  376.0 |
               +--------+--------+--------+--------+--------+-----+--------+

Top non-repeatable levels by time:
     D:1: 376 daAuts
